 Dungeon Crawl Stone Soup version 0.29-a0-384-g6960b1960d (webtiles) character file.

Game seed: 12469042557564683414

354 ytrimaz the Poker (level 6, -13/48 HPs)
             Began as a Demonspawn Monk on May 6, 2022.
             Killed from afar by Dowan (24 damage)
             ... with a shard of ice
             ... on level 4 of the Dungeon.
             The game lasted 00:04:55 (4441 turns).

ytrimaz the Poker (Demonspawn Monk)                 Turns: 4441, Time: 00:04:56

Health: -13/48     AC:  6    Str: 13    XL:     6   Next: 35%
Magic:  6/6        EV: 14    Int: 12    God:
Gold:   186        SH:  0    Dex: 21    Spells: 5/5 levels left

rFire   . . .      SeeInvis .   a - +1 spear (flame)
rCold   . . .      Faith    .   (no shield)
rNeg    . . .      Spirit   .   b - +0 robe
rPois   .          Reflect  .   l - +0 helmet
rElec   .          Harm     .   n - +0 cloak
rCorr   .          Rampage  .   c - +0 pair of gloves
Will    .....                   (no boots)
Stlth   ++........              (no amulet)
HPRegen 0.16/turn               d - +6 ring of dexterity
MPRegen 0.10/turn               (no ring)

@: mighty, hasted, very quick
A: sharp scales 1, demonic magic 2
a: no special abilities


You were on level 4 of the Dungeon.
You visited 1 branch of the dungeon, and saw 4 of its levels.

You collected 186 gold pieces.

Inventory:

Hand Weapons
 a - a +1 spear of flaming (weapon)
Armour
 b - a +0 robe (worn)
 c - a +0 pair of gloves (worn)
 l - a +0 helmet (worn)
 n - a +0 cloak (worn)
Jewellery
 d - a +6 ring of dexterity (left hand)
Scrolls
 f - a scroll of magic mapping
 h - 3 scrolls of enchant weapon
 j - 3 scrolls of blinking
Potions
 e - a potion of brilliance
 i - 2 potions of magic
 m - a potion of curing {unknown}


   Skills:
 + Level 4.3 Fighting
 + Level 5.1 Polearms
 + Level 4.0 Dodging
 - Level 1.7 Stealth


You had 5 spell levels left.
You didn't know any spells.
Your spell library contained the following spells:

 Spells                   Type           Power      Damage    Failure   Level
 Ensorcelled Hibernation  Hex/Ice        0%         N/A       45%         2
 Gell's Gravitas          Tloc           0%         N/A       69%         3
 Lesser Beckoning         Tloc           0%         N/A       69%         3
 Spider Form              Tmut/Pois      0%         N/A       69%         3
 Teleport Other           Tloc           0%         N/A       69%         3
 Tukima's Dance           Hex            0%         N/A       69%         3
 Anguish                  Hex/Necr       0%         N/A       97%         4
 Enfeeble                 Hex            0%         N/A       100%        7


Dungeon Overview and Level Annotations

Branches:
Dungeon (4/15)
 Temple: D:4-7

Altars:
Gozag

Shops:
D:1 (!*(

Annotations:
D:4 Dowan


Innate Abilities, Weirdness & Mutations

You are partially covered in razor-sharp scales. (AC +1, Slay +1)
Spells you cast may paralyse nearby enemies.


Message History

Duvessa hits you with a +0 short sword.
You hit Duvessa. You burn Duvessa.
Duvessa is heavily wounded.
Dowan says, "Stay away from my face!"
Dowan gestures at you while chanting. The puff of flame misses you.
Duvessa completely misses you.
You hit Duvessa. You burn Duvessa.
Duvessa is severely wounded.
Duvessa misses you.
You closely miss Duvessa.
Duvessa is severely wounded.
Dowan barely misses you. Duvessa closely misses you.
You closely miss Duvessa.
Duvessa is severely wounded.
Dowan hits you with a +0 dagger.
You hit Duvessa. You burn Duvessa.
Duvessa is severely wounded.
Duvessa hits you with a +0 short sword!
* * * LOW HITPOINT WARNING * * *
You hit Duvessa. You burn Duvessa.
Duvessa is almost dead.
Duvessa barely misses you. Dowan barely misses you.
You hit Duvessa. You burn Duvessa.
Duvessa is almost dead.
Duvessa hits you but does no damage.
You hit Duvessa. You burn Duvessa.
You kill Duvessa!
Dowan seems overcome with grief.
Dowan seems to find hidden reserves of power!
Dowan casts a spell.
Dowan blinks!
Your Polearms skill increases to level 5!
Your Dodging skill increases to level 4!
You have reached level 6!
It was a potion of might.
You feel very mighty all of a sudden.
Dowan points at you and mumbles some strange words.
The shard of ice hits you!!
Ouch! That really hurt!
You die...

##.....#
#..###.# #.##
#.# #.# #.##
####### ##e#
#..### >......
##..# #....#
...$...
###..## #....#
.......##(..##
#....#
.......#@)###
#....#
.......#ยง##
##....#
...e..)..#
#.....#
###..#####
#.....# #.
#.....#
#.....#
#.##### #.#
###.#


You could see Dowan (fast).

Vanquished Creatures
  Duvessa (D:4)
  Terence (D:3)
  Jessica (D:3)
  Robin (D:3)
  4 adders
  8 gnolls (D:2)
  2 dart slugs
  7 ball pythons
  9 bats
  3 endoplasms
  2 giant cockroaches (D:2)
  8 goblins
  11 hobgoblins
  3 jackals (D:3)
  A quokka (D:2)
  3 frilled lizards (D:1)
  4 kobolds
  4 rats
73 creatures vanquished.

Notes
Turn   | Place    | Note
-------+----------+-------------------------------------------
     0 | D:1      | ytrimaz the Demonspawn Monk began the quest for the Orb.
     0 | D:1      | Reached XP level 1. HP: 18/18 MP: 1/1
   124 | D:1      | Found Riawk's Antique Weapon Boutique.
   341 | D:1      | Found Neeg's Distillery.
   492 | D:1      | Gained mutation: You are partially covered in razor-sharp
                  | scales. (AC +1, Slay +1) [demonic ancestry]
   492 | D:1      | Reached XP level 2. HP: 24/24 MP: 2/2
   615 | D:1      | Found Buxt's Antique Weapon Shoppe.
   775 | D:1      | Reached skill level 3 in Polearms
   781 | D:1      | Found Gifoz's Assorted Antiques.
  1029 | D:2      | Reached XP level 3. HP: 16/29 MP: 3/3
  1901 | D:2      | Gained mutation: Spells you cast may paralyse adjacent
                  | enemies. [demonic ancestry]
  1901 | D:2      | Reached XP level 4. HP: 35/35 MP: 4/4
  2183 | D:2      | Found a faded altar of an unknown god.
  2216 | D:2      | Reached skill level 4 in Polearms
  2529 | D:2      | Gained mutation: Spells you cast may paralyse nearby
                  | enemies. [demonic ancestry]
  2529 | D:2      | Reached XP level 5. HP: 32/42 MP: 5/5
  2864 | D:3      | Noticed Terence
  2889 | D:3      | Killed Terence
  3371 | D:3      | Noticed Jessica
  3385 | D:3      | Killed Jessica
  3517 | D:3      | Noticed Robin
  3574 | D:3      | Killed Robin
  3919 | D:3      | Found an opulent altar of Gozag.
  4419 | D:4      | Noticed Duvessa
  4420 | D:4      | Noticed Dowan
  4440 | D:4      | Killed Duvessa
  4441 | D:4      | Reached skill level 5 in Polearms
  4441 | D:4      | Reached XP level 6. HP: 11/48 MP: 6/6
  4441 | D:4      | Killed from afar by Dowan

Illustrated notes

Levels and vault maps discovered:
D:1:      beargit_arrival_greenhouse, layout_basic, serial_shops,
          nicolae_square_shop, shop, nicolae_shop_behind_doors,
          nicolae_shop_waterfront, minivault_27
D:2:      layout_basic, shapermc_ecumenical_altar_mp_vishouse,
          dreamdust_princess_bridge
D:3:      layout_loops_ring, nicolae_gozag_seed_capital, uniq_jessica,
          uniq_terence, uniq_robin
D:4:      layout_rooms, uniq_crazy_yiuf_cottage, uniq_duvessa

Skill      XL: |  1  2  3  4  5 |
---------------+----------------+-----
Polearms       | 3 4 5 |  5.1
Dodging        | 3 4 |  4.0
Fighting       | 4 |  4.3
Stealth        | |  1.7

Action                   |  1- 3 |  4- 6 || total
-------------------------+-------+-------++-------
Melee: Spear             |    95 |   189 ||   284
       Punch             |     1 |     2 ||     3
  Use: Scroll            |     3 |    10 ||    13
       Potion            |       |     4 ||     4
 Stab: Sleeping          |     4 |     6 ||    10
Armor: Robe              |    23 |    40 ||    63
Dodge: Dodged            |   101 |   120 ||   221

Table legend: (Time is in decaauts)
 A = Elapsed time spent in this place.
 B = Non-inter-level travel time spent in this place.
 C = Inter-level travel time spent in this place.
 D = Time resting spent in this place.
 E = Time spent auto-exploring this place.
 F = Levels seen in this place.
 G = Mean time per level.
                   A        B        C        D        E       F      G
               +--------+--------+--------+--------+--------+-----+--------+
         Total |   4397 |   4250 |    147 |   1069 |   2428 |   4 | 1099.2 |
       Dungeon |   4397 |   4250 |    147 |   1069 |   2428 |   4 | 1099.2 |
               +--------+--------+--------+--------+--------+-----+--------+

Top non-repeatable levels by time:
     D:1: 1560 daAuts
     D:3: 1397 daAuts
     D:2: 1294 daAuts
     D:4: 144 daAuts
